Map: At Eternity's Edge LE

Players

Fjant - Winner!

  • Race: Zerg Zerg
  • League: Grandmaster
  • Spawn Location: 11:00

LetaleX

  • Race: Protoss Protoss
  • League: Grandmaster
  • Spawn Location: 5:00

Event: HomeStory Cup XXIX

VOD

Have the link to the VOD?

Description

Time

  • Played on: July 4, 2026, 12:54 p.m.
  • Length: 8:21

All games in this series

Show
View Real Time Build Order
Export as new Build Order

Fjant Zerg - Winner!

Build Orders: Hatch First 

Get SALT Encoding   

  8  0:00  Drone  
  9  0:10  Drone  
  10  0:16  Drone  
  11  0:22  Drone  
  12  0:32  Overlord  
  12  0:40  Extractor, Drone  
  13  0:52  Drone x2  
  15  1:00  Drone  
  16  1:15  Hatchery  
  16  1:18  Drone  
  16  1:21  Drone  
  17  1:30  Drone  
  18  1:36  Extractor  
  17  1:41  Spawning Pool  
  17  1:46  Drone  
  17  1:51  Drone  
  18  2:00  Drone  
  19  2:10  Overlord  
  19  2:28  Zergling x2, Queen x2  
  24  2:34  Drone  
  24  2:36  Drone  
  26  2:39  Metabolic Boost  
  26  2:41  Drone  
  27  2:44  Drone  
  27  2:48  Drone  
  29  2:55  Drone  
  30  2:59  Drone  
  30  3:00  Drone  
  32  3:09  Overlord  
  32  3:16  Hatchery  
  31  3:20  Overlord  
  31  3:21  Drone  
  32  3:27  Drone  
  32  3:29  Drone x2  
  32  3:34  Queen  
  37  3:42  Zergling x2  
  37  3:43  Zergling x6  
  37  3:45  Drone x2  
  37  3:47  Drone  
  44  3:50  Drone  
  44  3:52  Drone  
  46  3:56  Drone  
  46  4:02  Overlord  
  47  4:06  Overlord  
  47  4:11  Extractor  
  46  4:17  Overlord  
  46  4:19  Roach Warren  
  46  4:22  Overlord  
  45  4:24  Drone x2  
  45  4:25  Overlord  
  47  4:33  Overlord  
  47  4:37  Zergling x4  
  47  4:38  Zergling x2  
  50  4:39  Lair  
  50  4:41  Spore Crawler  
  49  4:47  Zergling x2  
  49  4:48  Zergling x4  
  50  4:55  Zergling x12  
  50  4:58  Drone x2  
  57  5:01  Drone  
  58  5:08  Zergling x8  
  58  5:13  Overlord  
  61  5:24  Roach x4  
  68  5:30  Roach x3  
  68  5:33  Spore Crawler  
  71  5:37  Roach x2  
  71  5:42  Roach  
  76  5:46  Drone x3  
  76  5:49  Overseer  
  79  5:53  Drone x2  
  81  5:57  Drone  
  81  5:58  Drone x2  
  81  6:02  Overlord  
  84  6:06  Glial Reconstitution  
  84  6:08  Extractor  
  83  6:11  Roach x2  
  87  6:19  Drone, Roach  
  87  6:20  Roach  
  87  6:23  Roach x2  
  94  6:27  Drone x2  
  96  6:37  Roach x4  
  104  6:42  Roach  
  104  6:43  Roach  
  108  6:51  Overlord x3  
  108  6:52  Overlord  
  108  6:57  Overlord  
  108  6:58  Overseer  
  108  7:02  Overlord  
  108  7:07  Overlord  
  108  7:14  Roach x4  
  108  7:15  Roach  
  118  7:19  Roach  
  118  7:20  Roach x2  
  124  7:24  Zergling x6  
  124  7:26  Extractor  
  124  7:28  Zergling x4  
  127  7:33  Zergling x2, Ravager x2  
  130  7:38  Zergling x4  
  130  7:42  Ravager  
  130  7:43  Zergling x2  
  130  7:44  Zergling x6  
  137  7:48  Zergling x2  
  137  7:57  Zergling x6  
  128  8:01  Zergling x6  
Show
View Real Time Build Order
Export as new Build Order

LetaleX Protoss 

Build Orders: Zealot Archon, Archon Drop, Dark Templar Rush 

Get SALT Encoding   

  8  0:00  Probe (Chrono Boost)  
  9  0:12  Probe (Chrono Boost)  
  10  0:18  Probe (Chrono Boost)  
  11  0:26  Probe  
  12  0:35  Pylon  
  12  0:38  Probe  
  13  0:53  Probe  
  13  0:56  Gateway  
  14  1:05  Probe  
  14  1:07  Assimilator  
  15  1:17  Probe (Chrono Boost)  
  16  1:28  Probe (Chrono Boost)  
  17  1:33  Probe (Chrono Boost)  
  18  1:48  Nexus  
  18  2:00  Cybernetics Core  
  18  2:03  Probe  
  19  2:10  Assimilator  
  20  2:15  Probe  
  20  2:21  Pylon  
  20  2:27  Probe (Chrono Boost)  
  21  2:38  Warp Gate, Adept  
  21  2:40  Probe (Chrono Boost)  
  24  2:46  Probe (Chrono Boost)  
  25  2:52  Twilight Council  
  26  2:58  Probe (Chrono Boost)  
  26  3:00  Probe (Chrono Boost)  
  27  3:10  Probe (Chrono Boost)  
  27  3:11  Probe (Chrono Boost), Stalker  
  31  3:15  Probe (Chrono Boost)  
  33  3:21  Probe (Chrono Boost)  
  33  3:26  Robotics Facility  
  33  3:27  Probe (Chrono Boost)  
  35  3:37  Probe x2 (Chrono Boost)  
  35  3:40  Assimilator  
  36  3:43  Probe x2  
  38  3:54  Dark Shrine  
  38  3:55  Probe x2  
  38  3:57  Pylon  
  41  4:11  Gateway  
  41  4:14  Warp Prism (Chrono Boost)  
  42  4:18  Gateway  
  42  4:22  Gateway  
  43  4:26  Probe x2 (Chrono Boost)  
  44  4:31  Pylon  
  44  4:35  Assimilator  
  46  4:38  Probe (Chrono Boost)  
  46  4:41  Probe (Chrono Boost)  
  46  4:43  Probe (Chrono Boost)  
  47  4:48  Probe, Pylon  
  48  4:53  Probe  
  47  5:00  Probe  
  47  5:02  Pylon  
  47  5:05  Probe  
  46  5:07  Dark Templar  
  46  5:12  Probe  
  46  5:14  Dark Templar  
  51  5:17  Probe  
  51  5:18  Adept  
  51  5:20  Dark Templar  
  54  5:24  Probe  
  53  5:29  Probe  
  53  5:31  Blink (Chrono Boost)  
  51  5:36  Probe  
  51  5:41  Probe  
  53  5:52  Dark Templar x2  
  53  5:54  Probe  
  58  5:58  Adept x2  
  58  6:01  Gateway, Pylon, Archon x2  
  63  6:08  Pylon x2  
  62  6:15  Gateway  
  62  6:17  Gateway  
  62  6:36  Stalker x4  
  70  6:50  Pylon  
  70  7:02  Pylon  
  70  7:04  Stalker x4  
  78  7:10  Stalker  
  78  7:12  Stalker x2, Pylon  
  84  7:29  Stalker x4  
  92  7:33  Pylon  
  92  7:46  Observer (Chrono Boost)  
  92  7:47  Stalker x3  
  99  7:56  Dark Templar  
  89  8:00  Dark Templar  
Tags
 
Add a new tag
Caveats
  • Supply blocks, unpowered buildings, or Contaminate may cause inaccurate times.
  • Supply counts are checked every 10 seconds.